 Dungeon Crawl Stone Soup version 0.31.0-11-ge490571c62 (webtiles) character file.

Game seed: 6259474523289517291

2473 browni3141 the Cleaver (level 9, -23/81 HPs)
             Began as a Minotaur Fighter on Jan 27, 2024.
             Was a Believer of Okawaru.
             Annihilated by an orc warlord
             ... wielding a +6 battleaxe
              (36 damage)
             ... in a bailey.
             The game lasted 00:04:13 (5184 turns).

browni3141 the Cleaver (Minotaur Fighter)           Turns: 5184, Time: 00:04:14

Health: -23/81     AC: 18    Str: 26    XL:     9   Next: 26%
Magic:  7/8        EV:  9    Int:  5    God:    Okawaru [**....]
Gold:   154        SH:  5    Dex:  9    Spells: 8/8 levels left

rFire   . . .        G - +0 broad axe
rCold   . . .        c - +0 buckler
rNeg    . . .        x - +0 plate armour
rPois   .            (helmet restricted)
rElec   .            (no cloak)
rCorr   .            p - +0 pair of gloves
SInv    .            (no boots)
Will    .....        u - amulet of the acrobat Stlth
                     (no ring)
HPRegen 0.33/turn    (no ring)
MPRegen 0.11/turn

%: acrobat
@: mighty, heroic
A: horns 2, retaliatory headbutt
a: Renounce Religion, Heroism


You were in a bailey.
You worshipped Okawaru.
Okawaru was pleased with you.
You visited 2 branches of the dungeon, and saw 9 of its levels.
You also visited: Bailey.

You collected 154 gold pieces.

Inventory:

Hand Weapons
 a - a +0 war axe
 G - a +0 broad axe (weapon)
Missiles
 E - 9 boomerangs
Armour
 b - a +0 scale mail
 c - a +0 buckler (worn)
 p - a +0 pair of gloves (worn)
 x - a +0 plate armour (worn)
Jewellery
 u - an amulet of the acrobat (around neck)
Scrolls
 f - a scroll of revelation {unknown}
 g - 3 scrolls of teleportation {unknown}
 h - 2 scrolls of silence {unknown}
 k - 4 scrolls of immolation {unknown}
 m - 4 scrolls of blinking {unknown}
 n - 3 scrolls of identify {unknown}
 y - a scroll of enchant weapon {unknown}
 z - a scroll of poison {unknown}
 B - 2 scrolls of fog {unknown}
 F - a scroll of amnesia {unknown}
 H - 2 scrolls of enchant armour {unknown}
 I - a scroll of summoning {unknown}
Potions
 d - a potion of might
 e - a potion of heal wounds {unknown}
 i - a potion of degeneration {unknown}
 j - a potion of magic {unknown}
 l - 5 potions of curing {unknown}
 o - 4 potions of resistance {unknown}
 q - a potion of berserk rage {unknown}
 r - a potion of invisibility {unknown}
 s - a potion of experience {unknown}
 t - a potion of ambrosia {unknown}
 v - 2 potions of mutation {unknown}
 w - a potion of haste {unknown}
 D - 2 potions of enlightenment {unknown}


   Skills:
 + Level 8.1(13.1) Fighting
 * Level 10.5(15.5) Axes
 * Level 9.1(14.1) Armour
 - Level 3.6(8.6) Shields


You had 8 spell levels left.
You didn't know any spells.
Your spell library contained the following spells:

 Spells                   Type           Power      Damage    Failure   Level
 Ensorcelled Hibernation  Hex/Ice        0%         N/A       100%        2
 Passwall                 Erth           0%         N/A       100%        3
 Swiftness                Air            0%         N/A       100%        3


Dungeon Overview and Level Annotations

Branches:
Dungeon (8/15)             Temple (1/1) D:5          Bailey (1/1)
   Lair: D:8-11

Altars:
Ashenzari
Cheibriados
Dithmenos
Elyvilon
Hepliaklqana
Nemelex Xobeh
Okawaru
Qazlal
Ru
Sif Muna
Trog
Uskayaw
Wu Jian
Xom
Yredelemnul
The Shining One

Shops:
D:7 [

Annotations:
D:7 exclusion: oklob plant


Innate Abilities, Weirdness & Mutations

You have a pair of horns on your head.
You reflexively headbutt those who attack you in melee.


Message History

You open the door.
There is an open door here.
There is an open door here.
Partly explored, can't reach some places.
Partly explored, can't reach some places.
Partly explored, can't reach some places.
Partly explored, can't reach some places.
No target in view!
There is a fountain of clear blue water here.
Things that are here:
a +0 hand axe; a +0 leather armour
Things that are here:
a +0 war axe; a +0 leather armour; a gnoll corpse
There is an open door here.
Items here: )))) [[[[ ††††.
There is an open door here.
As you open the door, it creaks loudly!
An orc warrior, a hobgoblin, an orc warlord and 2 orcs come into view.
The orc warrior shouts!
The hobgoblin shouts!
The orc shouts!
The orc warlord shouts!
The orc shouts!
You hear a shout! x2
The orc warlord roars a battlecry!
The orcs go into a battle-frenzy!
A hobgoblin comes into view. It is wielding a +0 hand axe.
A gnoll comes into view. It is wielding a +0 hand axe.
There is an open door here.
You barely miss the orc. You headbutt the orc, but do no damage.
The orc hits you but does no damage.
Throw: 2 javelins
Press: ? - help, Q - select action, (/) - cycle Shift-Dir - straight line, f - orc warlord
Aim: an orc warlord, wielding a +6 battleaxe and wearing a +0 chain mail (64% to hit)
You throw a javelin. The javelin pierces through the orc.
The orc is severely wounded.
The javelin pierces through the orc.
The orc is severely wounded.
The javelin pierces through the orc warlord but does no damage.
The orc barely misses you. The orc hits you with a +0 hand axe.
You gain the combat prowess of a mighty hero.
The orc hits you but does no damage. The orc barely misses you.
Throw: javelin
Press: ? - help, Q - select action, (/) - cycle Shift-Dir - straight line, f/p - orc warlord
Aim: an orc warlord, wielding a +6 battleaxe and wearing a +0 chain mail (69% to hit)
You throw a javelin. The javelin pierces through the orc.
You kill the orc!
Okawaru accepts your kill.
The javelin pierces through the orc warlord but does no damage.
The javelin pierces through the gnoll.
The gnoll is moderately wounded.
The javelin pierces through the hobgoblin!
You kill the hobgoblin!
Okawaru accepts your kill. The orc closely misses you.
Aiming: Quicksilver Bolt
Press: ? - help, Q - select action, (/) - cycle Shift-Dir - straight line, f - gnoll, p - orc warlord
Aim: a gnoll, wielding a +0 hand axe and wearing a +0 leather armour (moderately wounded, 75% to hit)
The bolt of dispelling energy hits the orc warlord!
The orc warlord is lightly wounded.
The bolt of dispelling energy misses the gnoll.
You hear a shout!
The orc hits you but does no damage.
You hear a shout!
Aiming: Quicksilver Bolt
Press: ? - help, Q - select action, (/) - cycle Shift-Dir - straight line, f/p - gnoll
Aim: a gnoll, wielding a +0 hand axe and wearing a +0 leather armour (moderately wounded, 75% to hit)
The bolt of dispelling energy hits the orc warlord!
The orc warlord is lightly wounded.
The bolt of dispelling energy hits the gnoll!
You kill the gnoll!
Okawaru accepts your kill.
The now-empty wand crumbles to dust.
The orc warlord hits you with a +6 battleaxe.
The orc barely misses you.
Your base Armour skill increases to level 9!
You closely miss the orc warlord. Your headbutt misses the orc warlord.
The orc warlord is lightly wounded.
You barely miss the orc.
The orc warrior no longer looks unusually strong.
The orc warlord hits you with a +6 battleaxe!!
The orc barely misses you.
You feel very mighty all of a sudden.
The orc warlord roars a battlecry!
The orc warrior goes into a battle-frenzy!
You block the orc's attack.
You slash the orc!
You kill the orc!
Okawaru accepts your kill.
You barely miss the orc warlord.
The orc warlord hits you with a +6 battleaxe!
You slice the orc warlord!! Your headbutt misses the orc warlord.
The orc warlord is moderately wounded.
You slice the orc warrior!!
The orc warrior hits you but does no damage.
The orc warlord hits you with a +6 battleaxe!!
You slash the orc warrior!
You kill the orc warrior!
Okawaru accepts your kill.
You slash the orc warlord! The orc warlord closely misses you.
You barely miss the orc warlord.
The orc warlord is heavily wounded.
The orc warlord hits you with a +6 battleaxe!!!
You die...

## .... ###.........##
# .....##8..........#
# ......#8..........#
# ..o.o.')....⌠....∩#
# g.....#8..........#
# ..... #8..........#
## .... ###..)......##
.###
...###.###o)...###
...###.###....)#@#.###
.....###.......))###
......#...........#
......#...........#
⌠.)..)#.....⌠.....#
....))'...........#
.....)#...........#
.....###.........##
...### ###.....###


You could see an orc warlord.

Vanquished Creatures
  An orc knight (Bailey)
  10 orc warriors
  A sky beast (D:5)
  A bullfrog (D:7)
  A scorpion (D:4)
  4 wights (D:5)
  A bombardier beetle (D:7)
  2 hounds
  3 jellies
  2 orc priests
  3 iguanas
  Jessica (D:3)
  An orc wizard (D:8)
  Robin (D:3)
  3 adders
  13 gnolls
  2 river rats (D:3)
  A white imp (D:7)
  2 dart slugs
  25 orcs
  9 ball pythons
  6 bats
  10 endoplasms
  2 giant cockroaches (D:3)
  26 goblins
  12 hobgoblins
  6 jackals (D:4)
  A quokka (D:3)
  4 frilled lizards
  7 kobolds
  6 rats
167 creatures vanquished.

Notes
Turn   | Place    | Note
-------+----------+-------------------------------------------
     0 | D:1      | browni3141 the Minotaur Fighter began the quest for the
                  | Orb.
     0 | D:1      | Reached XP level 1. HP: 19/19 MP: 0/0
    81 | D:1      | Found a faded altar of an unknown god.
   114 | D:1      | Reached skill level 3 in Axes
   254 | D:1      | Reached XP level 2. HP: 24/27 MP: 1/1
   717 | D:3      | Identified the +0 helmet "Myestir" {rC+}
   717 | D:3      | Noticed Robin
   720 | D:3      | Reached XP level 3. HP: 33/33 MP: 2/2
   737 | D:3      | Killed Robin
   738 | D:3      | Reached skill level 4 in Axes
   837 | D:3      | Reached XP level 4. HP: 39/41 MP: 3/3
  1130 | D:3      | Found a shimmering blue altar of Sif Muna.
  1490 | D:3      | HP: 2/41 [river rat (3)]
  1492 | D:3      | Reached skill level 5 in Axes
  1705 | D:3      | Found a hazy altar of Hepliaklqana.
  1770 | D:3      | Noticed Jessica
  1773 | D:3      | Killed Jessica
  1812 | D:4      | Reached XP level 5. HP: 43/47 MP: 4/4
  1834 | D:4      | Reached skill level 5 in Fighting
  1957 | D:4      | Reached skill level 6 in Axes
  2269 | D:4      | Reached XP level 6. HP: 50/56 MP: 5/5
  2654 | D:4      | Found a glowing golden altar of the Shining One.
  2756 | D:5      | Entered Level 5 of the Dungeon
  2775 | D:5      | Found a staircase to the Ecumenical Temple.
  2799 | Temple   | Entered the Ecumenical Temple
  2835 | Temple   | Became a worshipper of Warmaster Okawaru
  2865 | D:5      | Noticed a sky beast
  2872 | D:5      | Killed a sky beast
  2873 | D:5      | Reached skill level 7 in Axes
  3310 | D:5      | Reached XP level 7. HP: 46/61 MP: 6/6
  3313 | D:5      | Reached skill level 5 in Armour
  3324 | D:5      | Reached * piety under Okawaru
  3745 | D:6      | Found a shadowy altar of Dithmenos.
  3759 | D:6      | Reached skill level 8 in Axes
  3937 | D:6      | Found a sacrificial altar of Ru.
  3942 | D:6      | Found a sparkling altar of Nemelex Xobeh.
  4142 | D:7      | Reached XP level 8. HP: 59/71 MP: 7/7
  4259 | D:7      | Found Cheibriados's Comfort Zone.
  4261 | D:7      | Found a snail-covered altar of Cheibriados.
  4311 | D:7      | Noticed an oklob plant
  4404 | D:8      | Found a flagged portal.
  4447 | Bailey   | Entered a bailey
  4511 | Bailey   | Reached skill level 9 in Axes
  4513 | Bailey   | Noticed an orc knight
  4537 | Bailey   | Killed an orc knight
  4537 | Bailey   | Reached ** piety under Okawaru
  4781 | Bailey   | Reached skill level 10 in Axes
  4790 | Bailey   | Reached XP level 9. HP: 54/81 MP: 8/8
  5165 | Bailey   | Noticed an orc warlord
  5184 | Bailey   | Annihilated by an orc warlord

Illustrated notes

Levels and vault maps discovered:
D:1:      ncdulo_lavacross, layout_loops_ring,
          shapermc_ecumenical_altar_acropolis
D:2:      layout_loops_ring, dreamdust_mushroom_princess
D:3:      cheibrodos_helix_gallery, layout_basic, hellmonk_sif_muna_bookshelves,
          lemuel_coloured_pillars_altar, portal_sewer_entry_e, uniq_robin,
          uniq_jessica
D:4:      layout_gridville, lemuel_round_altar
D:5:      layout_basic, minmay_temple_entry_tees, serial_co_window_serial,
          co_window_cross_1, co_window_paths_a, co_window_paths_a,
          co_window_corner_a, co_window_paths_a, co_window_unsneaky_path_a,
          co_window_broadway_c, co_window_corner_cb, co_window_sun,
          co_window_paths_d, glass_columns_b, glass_columns_b
D:6:      layout_loops_corners, minmay_overflow_temple_star_quad,
          grunt_gozag_breadcrumbs, hangedman_decor_lopped, lemuel_flame_loot_1,
          uniq_grinder, uniq_eustachio
D:7:      lemuel_slime, layout_cave_pods, nicolae_overflow_quartered_altars,
          minmay_shop_chei, amethyst_killhole
D:8:      layout_loops_ring, enter_bailey_5, uniq_grum
Temple:   eino_wide_crystal_templ
Bailey:   bailey_axe_minmay_hex_keep, bailey

Skill      XL: |  1  2  3  4  5  6  7  8  9 |
---------------+----------------------------+-----
Axes           | 3 4 5 6 7 8 10 | 10.5
Fighting       | 4 5 6 7 8 |  8.1
Armour         | 4 6 8 9 |  9.1
Shields        | |  3.6

Action                     |  1- 3 |  4- 6 |  7- 9 || total
---------------------------+-------+-------+-------++-------
  Melee: War axe           |    76 |   113 |   140 ||   329
         Headbutt          |    11 |    22 |    29 ||    62
         Broad axe         |       |       |    32 ||    32
  Throw: Javelin           |       |       |     3 ||     3
 Invoke: Heroism           |       |       |     3 ||     3
  Evoke: Wand              |       |       |     3 ||     3
    Use: Potion            |       |       |     2 ||     2
 Armour: Scale mail        |    56 |    66 |       ||   122
         Plate armour      |       |    35 |   151 ||   186
  Dodge: Dodged            |    35 |    51 |    70 ||   156
  Block: Buckler           |    15 |    23 |    28 ||    66
